 Dungeon Crawl Stone Soup version 0.18-a0-1515-g333d932 (webtiles) character file.

711 winnersh3 the Ruffian (level 7, 0/70 HPs)
             Began as a Troll Monk on Mar 7, 2016.
             Slain by a sky beast (5 damage)
             ... on level 5 of the Dungeon.
             The game lasted 00:07:07 (3752 turns).

winnersh3 the Ruffian (Troll Monk)                  Turns: 3752, Time: 00:07:08

Health: 0/70       AC:  6    Str: 20    XL:     7   Next: 40%
Magic:  8/8        EV: 11    Int:  8    God:
Gold:   190        SH:  0    Dex: 14    Spells: 0 memorised, 6 levels left

rFire  . . .     SeeInvis .       - Unarmed
rCold  . . .     Gourm    +     a - +1 robe
rNeg   . . .     Faith    .     (no shield)
rPois  .         Spirit   .     (helmet restricted)
rElec  .         Dismiss  .     (no cloak)
rCorr  .         Reflect  .     (gloves unavailable)
SustAt .         Harm     .     (boots unavailable)
MR     +....                    (no amulet)
Stlth  ++........               v - +2 ring of intelligence
                                o - ring of protection from magic

@: somewhat resistant to hostile enchantments, unstealthy
A: unfitting armour, claws 3, fast metabolism 3, gourmand, regeneration 2,
shaggy fur 1, tough skin 2
a: no special abilities


You were on level 5 of the Dungeon.
You were very full.

You visited 2 branches of the dungeon, and saw 6 of its levels.

You collected 190 gold pieces.

Inventory:

Armour
 a - a +1 robe (worn)
Jewellery
 o - a ring of protection from magic (left claw)
 s - an uncursed ring of protection from cold
 v - a +2 ring of intelligence (right claw)
 z - an uncursed ring of protection from fire {unknown}
Wands
 l - a wand of lightning (6/15)
 u - a wand of random effects (15/48)
Scrolls
 f - 2 scrolls of identify
 k - 2 scrolls of enchant weapon
 q - a scroll of enchant armour
 r - a scroll of immolation {unknown}
 t - 4 scrolls of remove curse
 w - 2 scrolls of teleportation {unknown}
 y - a scroll of amnesia
Potions
 c - a potion of magic {unknown}
 e - a potion of resistance {unknown}
 g - 4 potions of curing {unknown}
 i - a potion of agility {unknown}
 j - a potion of lignification {unknown}
 m - a potion of brilliance {unknown}
 n - a potion of might {unknown}
 p - a potion of haste {unknown}
Comestibles
 b - 4 bread rations
 d - 4 meat rations
 h - 8 fruits
 A - a beef jerky


   Skills:
 + Level 4.0 Fighting
 + Level 4.0 Dodging
 - Level 1.1 Stealth
 + Level 5.7 Unarmed Combat
 * Level 3.1 Evocations


You had 6 spell levels left.
You didn't know any spells.

Dungeon Overview and Level Annotations

Branches:
Dungeon (5/15)             Temple (1/1) D:5

Altars:
Cheibriados
Dithmenos
Elyvilon
Fedhas
Gozag
Okawaru
Qazlal
Ru
Xom
Yredelemnul
Zin
The Shining One

Annotations:
D:2 Natasha


Innate Abilities, Weirdness & Mutations

You are too large for most types of armour.
You have claws for hands.
Your metabolism is lightning-fast.
You like to eat raw meat.
You heal very quickly.
You are covered in fur (AC +1).
You have very tough skin (AC +2).


Message History

The orc wizard hits you with a dagger.
* * * LOW HITPOINT WARNING * * *
Something hits you.
* * * LOW HITPOINT WARNING * * *
Something shocks you.
* * * LOW HITPOINT WARNING * * *
Deactivating autopickup; reactivate with Ctrl-A.
Things that are here:
a dagger; a robe; an orc corpse You scratch the orc wizard but do no damage.
The orc wizard is severely wounded.
The orc wizard points at you and mumbles some strange words.
The magic dart hits you! Something hits you but does no damage.
You closely miss the orc wizard.
The orc wizard is severely wounded.
The orc wizard hits you but does no damage.
Something hits you.
* * * LOW HITPOINT WARNING * * *
Something shocks you.
You die...

#.## #...## ...###....##
##.##..##..###
≈≈)....###...########
§≈≈.................####
§§≈≈....................
>§§§.........)†.........
≈≈≈≈....................
§≈≈...(........{@.......
≈≈..............o...####
....................#
.##..#.#.....#......#
####........##........
............ .###.#.....
#....#....$ .. .......
..#....# .#. .#.....
....#### .. .. .###


You could see an orc wizard.

Vanquished Creatures
  2 ogres (D:4)
  A giant frog (D:4)
  2 howler monkeys (D:4)
  2 hounds
  2 giant frog skeletons (D:4)
  Natasha (D:2)
  2 orc wizards
  2 worker ants (D:4)
  A gnoll (D:4)
  A river rat (D:4)
  2 adders
  A shadow imp (D:4)
  3 oozes (D:4)
  3 worms
  4 dart slugs
  7 giant geckos
  3 orcs (D:5)
  4 ball pythons
  7 bats
  2 giant cockroaches (D:1)
  2 gnoll zombies (D:2)
  8 goblins
  11 hobgoblins
  2 jackals (D:3)
  A quokka (D:5)
  3 giant newts
  6 kobolds
  3 rats
88 creatures vanquished.

Notes
Turn   | Place    | Note
--------------------------------------------------------------
     0 | D:1      | winnersh3 the Troll Monk began the quest for the Orb.
     0 | D:1      | Reached XP level 1. HP: 22/22 MP: 0/0
   187 | D:1      | Reached XP level 2. HP: 27/29 MP: 1/1
   387 | D:1      | Reached XP level 3. HP: 36/36 MP: 2/2
  1229 | D:2      | Noticed Natasha
  1232 | D:2      | Killed Natasha
  1232 | D:2      | Reached XP level 4. HP: 44/44 MP: 3/3
  1339 | D:2      | Found a basalt altar of Yredelemnul.
  1516 | D:2      | Noticed Natasha
  1712 | D:3      | Found a glowing silver altar of Zin.
  1713 | D:3      | Found a glowing golden altar of the Shining One.
  1714 | D:3      | Found a white marble altar of Elyvilon.
  1829 | D:3      | Found a shadowy altar of Dithmenos.
  1880 | D:3      | Found a faded altar to an unknown god.
  2435 | D:4      | Found a shadowy altar of Dithmenos.
  2463 | D:4      | Noticed an ogre
  2468 | D:4      | Noticed a giant frog
  2470 | D:4      | Killed an ogre
  2470 | D:4      | Reached skill level 5 in Unarmed Combat
  2470 | D:4      | Reached skill level 1 in Evocations
  2470 | D:4      | Reached XP level 5. HP: 38/53 MP: 3/5
  2474 | D:4      | Reached XP level 6. HP: 42/61 MP: 3/6
  2566 | D:4      | Found an opulent altar of Gozag.
  2645 | D:4      | Found a stormy altar of Qazlal.
  2796 | D:4      | Reached XP level 7. HP: 64/68 MP: 8/8
  3451 | D:5      | Entered Level 5 of the Dungeon
  3530 | D:5      | Found a staircase to the Ecumenical Temple.
  3544 | Temple   | Entered the Ecumenical Temple
  3752 | D:5      | Slain by a sky beast

Vault maps used:
D:1:      minmay_arrival_glassed_features, minivault_23
D:2:      lemuel_zombie_altar_yredelemnul, grunt_decor_arrowhead, uniq_natasha
D:3:      good_gods_temple_1, ecumenical_altar_2, grunt_dithmenos_smoke
D:4:      kennysheep_spiral_hall, nicolae_gozag_seed_capital,
          overflow_temple_1_default, portal_sewer_entry_b,
          grunt_qazlal_sundering
D:5:      grunt_temple_overflow_magic_moments, minmay_temple_entry_mist,
          first_bread, serial_bayou_pond_d
Temple:   hc_temple_tempest_star_small

Skill      XL: |  1  2  3  4  5  6  7 |
---------------+----------------------+-----
Dodging        | 3 4 |  4.0
Fighting       | 3 4 |  4.0
Unarmed Combat | 5 |  5.7
Evocations     | 1 2 3 |  3.1
Stealth        | |  1.1

Action                   |  1- 3 |  4- 6 |  7- 9 || total
-------------------------+-------+-------+-------++-------
Melee: Unarmed           |    92 |   103 |    50 ||   245
Evoke: Wand              |       |     4 |       ||     4
  Use: Scroll            |       |       |     8 ||     8
 Stab: Sleeping          |     3 |     2 |       ||     5
  Eat: Chunk             |    17 |    14 |     8 ||    39
